 Dungeon Crawl Stone Soup version 0.28-a0-247-gb8bfbab023 (webtiles) character file.

Game seed: 18245042402420857858

163 SkeletonJelly the Slasher (level 5, 0/47 HPs)
             Began as a Draconian Chaos Knight on Aug 26, 2021.
             Was a Plaything of Xom.
             Slain by a lemure (8 damage)
             ... led by Pikel
             ... on level 4 of the Dungeon.
             The game lasted 00:09:30 (4966 turns).

SkeletonJelly the Slasher (Draconian Chaos Knight)  Turns: 4966, Time: 00:09:31

Health: 0/47       AC:  5    Str: 16    XL:     5   Next: 20%
Magic:  5/5        EV: 12    Int: 12    God:    Xom [..*...]
Gold:   256        SH:  0    Dex: 10    Spells: 4/4 levels left

rFire   . . .      SeeInvis .   a - +0 falchion (chaos)
rCold   . . .      Faith    .   (no shield)
rNeg    . . .      Spirit   .   (armour unavailable)
rPois   .          Reflect  .   (helmet restricted)
rElec   .          Harm     .   (no cloak)
rCorr   .          Rampage  .   (no gloves)
Will    .....                   (no boots)
Stlth   +.........              c - amulet of the acrobat
HPRegen 0.15/turn               (no ring)
MPRegen 0.09/turn               (no ring)

@: no status effects
A: AC +5, unfitting armour, cold-blooded
a: Renounce Religion


You were on level 4 of the Dungeon.
You worshipped Xom.
You were a toy of Xom.
You visited 1 branch of the dungeon, and saw 4 of its levels.

You collected 256 gold pieces.

Inventory:

Hand Weapons
 a - a +0 falchion of chaos (weapon)
Missiles
 f - 18 poisoned darts (quivered)
Armour
 q - a +0 cloak
Jewellery
 c - an amulet of the acrobat (around neck)
 k - an amulet of reflection
Wands
 t - a wand of iceblast (7)
Scrolls
 b - a scroll of summoning {unknown}
 d - 3 scrolls of identify {unknown}
 e - 2 scrolls of magic mapping {unknown}
 g - 3 scrolls of vulnerability {unknown}
 h - a scroll of blinking {unknown}
 n - 3 scrolls of noise {unknown}
 o - a scroll of torment {unknown}
 p - a scroll of teleportation {unknown}
 s - a scroll of acquirement {unknown}
Potions
 i - a potion of attraction {unknown}
 j - a potion of degeneration {unknown}
 l - 2 potions of lignification {unknown}
 m - a potion of invisibility {unknown}
 r - a potion of curing {unknown}
 u - a potion of haste {unknown}
 v - a potion of berserk rage {unknown}


   Skills:
 + Level 4.5 Fighting
 * Level 5.2 Long Blades
 - Level 2.1 Dodging


You had 4 spell levels left.
You didn't know any spells.
Your spell library contained the following spells:

 Spells                   Type           Power      Damage    Failure   Level
 Corona                   Hex            0%         N/A       32%         1
 Ensorcelled Hibernation  Hex/Ice        0%         N/A       45%         2
 Dazzling Flash           Conj/Hex       0%         N/A       69%         3
 Tukima's Dance           Hex            0%         N/A       69%         3
 Agony                    Necr           0%         N/A       100%        5
 Silence                  Hex/Air        0%         N/A       100%        5


Dungeon Overview and Level Annotations

Branches:
Dungeon (4/15)
 Temple: D:4-7

Altars:
The Shining One

Shops:
D:2 *

Annotations:
D:4 Pikel


Innate Abilities, Weirdness & Mutations

Your plain brown scales are hard. (AC +5)
You cannot fit into any form of body armour.
You are cold-blooded and may be slowed by cold attacks.


Message History

You hit something. You tail-slap something. Something barely misses you.
You barely miss something. Something hits you.
Something hits you but does no damage.
You take 4 damage, and have 25/40 hp.
You closely miss something. Something hits you.
You take 3 damage, and have 22/40 hp.
You slash something! Something hits you.
You take 2 damage, and have 20/40 hp.
You hit something but do no damage. Something hits you. x2
You take 3 damage, and have 17/40 hp.
You hit something.
Reactivating autopickup.
You feel a bit more experienced.
Your life force feels restored.
You have reached level 5!
You regained 3 hp, and now have 20/47 hp.
MP restored: 5 Key pressed, stopping explore.
Key pressed, stopping explore.
Found a stone staircase leading up.
Health restored: 47
Found 11 gold pieces.
Found a scroll labelled DOPEIMABEUH.
You now have 256 gold pieces (gained 11).
n - 3 scrolls labelled DOPEIMABEUH (gained 1)
Things that are here:
a +0 flail; a +0 leather armour You see here a +2 hand axe of venom.
You see here a +0 short sword.
You see here a +2 hand axe of venom.
There is a stone staircase leading up here.
Found a stone staircase leading down. 4 lemures and Pikel come into view.
Pikel is wielding a +0 whip of freezing and wearing a +2 robe of willpower.
Found a scroll labelled SAILUC BIPLA.
Pikel shouts!
The lemure shouts! x4
There are monsters nearby!
There are monsters nearby!
There are monsters nearby!
Aiming: Iceblast
Press: ? - help, Shift-Dir - straight line, f - lemure
Aim: a lemure The mass of ice explodes!
The iceblast engulfs the lemure!
The lemure is heavily wounded.
The iceblast engulfs Pikel!
Pikel is lightly wounded.
The iceblast engulfs the lemure!!
The lemure is severely wounded.
You hit the lemure.
The lemure seems to grow stronger.
Xom is amused.
The lemure is severely wounded.
The lemure barely misses you.
You riposte.
You hit the lemure but do no damage.
The lemure is severely wounded.
You hit the lemure but do no damage.
The lemure is poisoned.
The lemure is severely wounded.
The lemure hits you!
You take 8 damage, and have 39/47 hp.
You hit the lemure. You burn the lemure.
You kill the lemure!
That felt strangely unrewarding.
You hit Pikel but do no damage.
Pikel is poisoned.
Pikel is lightly wounded.
Pikel hits you with a +0 whip of freezing!
You feel yourself slow down. Pikel freezes you.
You take 8 damage, and have 32/47 hp.
You hit Pikel but do no damage.
Pikel is moderately wounded.
The lemure closely misses you.
Pikel hits you with a +0 whip of freezing.
You feel as though you will be slow longer.
Pikel freezes you.
You take 9 damage, and have 23/47 hp.
You hit Pikel but do no damage. You tail-slap Pikel.
Pikel is moderately wounded.
The lemure hits you.
Pikel hits you with a +0 whip of freezing.
You feel as though you will be slow longer.
Pikel freezes you. The lemure closely misses you.
You riposte.
You barely miss the lemure.
The lemure is moderately wounded.
Pikel hits you with a +0 whip of freezing!
* * * LOW HITPOINT WARNING * * *
Pikel freezes you.
* * * LOW HITPOINT WARNING * * *
You take 17 damage, and have 6/47 hp.
MASSIVE DAMAGE!!
Xom makes a sudden noise!
You hear a splashing noise.
You feel yourself speed up. Pikel misses you.
Pikel looks more healthy. "Hum-dee-hum-dee-hum..."
Pikel is moving more slowly.
Pikel stops moving altogether!
The helpless Pikel fails to defend himself.
You slash Pikel! You drain Pikel.
Pikel is heavily wounded.
The lemure hits you.
* * * LOW HITPOINT WARNING * * *
The lemure hits you!
You die...
Xom chuckles heartily!

#
#..................#
####
##.............>..##
#..#
##...............#
..##
##..............# ..#
##.............# ..#
##............# .##
##...........# .#
####..55.......# .#
######.....@K......##
##
##.......#####.....##
#####.....####
##....# ##.........##
####.# ....###.....##
#.## .#### ##.....#
#..# #### ##....#
##.# ...## ##.###
#.## ....## ### ##.#


You could see Pikel (petrified, drained) and 2 lemures.

Vanquished Creatures
  A lemure (D:4)
  A bullfrog skeleton (D:4)
  Robin (D:4)
  2 gnolls
  A worm (D:2)
  A dart slug (D:2)
  3 orcs (D:4)
  8 ball pythons
  4 endoplasms
  2 giant cockroaches (D:2)
  9 goblins
  8 hobgoblins
  14 jackals
  5 kobolds
  2 quokkas
  6 bats
  4 frilled lizards
  5 rats
77 creatures vanquished.

Vanquished Creatures (collateral kills)
  2 gnolls (D:2)
2 creatures vanquished.

Grand Total: 79 creatures vanquished

Notes
Turn   | Place    | Note
-------+----------+-------------------------------------------
     0 | D:1      | SkeletonJelly the Draconian Chaos Knight began the quest
                  | for the Orb.
     0 | D:1      | Reached XP level 1. HP: 19/19 MP: 1/1
   148 | D:1      | XOM: potion effect (might)
   163 | D:1      | XOM: divination: detect creatures
   390 | D:1      | XOM: 3-stop teleportation journey
   410 | D:1      | Reached XP level 2. HP: 20/26 MP: 2/2
   416 | D:1      | XOM: silly message
   704 | D:1      | Found a faded altar of an unknown god.
   780 | D:1      | XOM: divination: detect items
  1414 | D:2      | XOM: enchant monster (good)
  1416 | D:2      | XOM: potion effect (haste)
  1459 | D:1      | XOM: noise
  1480 | D:1      | Reached XP level 3. HP: 5/33 MP: 3/3
  1793 | D:2      | Reached skill level 4 in Long Blades
  1910 | D:2      | Found Peblagi's General Store.
  2604 | D:2      | XOM: summons 2 friendly demons
  2617 | D:2      | Reached XP level 4. HP: 15/40 MP: 4/4
  2755 | D:2      | XOM: silly message
  3443 | D:3      | XOM: draining
  3510 | D:3      | XOM: scenery: 2 doors open
  3684 | D:3      | XOM: god gift: club {god gift}
  3809 | D:4      | Noticed Robin
  4041 | D:4      | Killed Robin
  4120 | D:4      | XOM: silly message
  4134 | D:4      | Reached skill level 5 in Long Blades
  4208 | D:4      | XOM: cloud trail
  4300 | D:4      | XOM: 1-stop teleportation journey
  4542 | D:4      | Found a glowing golden altar of the Shining One.
  4564 | D:4      | Reached XP level 5. HP: 20/47 MP: 5/5
  4942 | D:4      | Noticed Pikel
  4942 | D:4      | Noticed a lemure
  4942 | D:4      | Noticed a lemure
  4942 | D:4      | Noticed a lemure
  4942 | D:4      | Noticed a lemure
  4946 | D:4      | Killed a lemure
  4951 | D:4      | XOM: noise
  4959 | D:4      | XOM: enchant monster (good)
  4966 | D:4      | Slain by a lemure

Illustrated notes

Levels and vault maps discovered:
D:1:      roderic_crop_circles_arrival_small, layout_basic,
          dreamdust_ecumenical_altar_angels_and_demons, hex_large,
          grunt_decor_resistance, minmay_misc_feat_encased, corexii_corridor_pit
D:2:      layout_basic, serial_shops, shop, minmay_heptomino_h4
D:3:      layout_basic
D:4:      layout_cave_pods, nicolae_tso_carved_into_rock, uniq_pikel, uniq_robin

Skill      XL: |  1  2  3  4 |
---------------+-------------+-----
Long Blades    | 4 5 |  5.2
Fighting       | 4 |  4.5
Dodging        | |  2.1

Action                   |  1- 3 |  4- 6 || total
-------------------------+-------+-------++-------
Melee: Falchion          |   116 |    82 ||   198
       Tailslap          |    12 |    14 ||    26
Evoke: Wand              |       |     1 ||     1
 Stab: Petrified         |       |     1 ||     1
Armor: Skin              |    23 |    27 ||    50
Dodge: Dodged            |   118 |    86 ||   204
       Rpst.: Falchion   |    32 |    28 ||    60

Table legend: (Time is in decaauts)
 A = Elapsed time spent in this place.
 B = Non-inter-level travel time spent in this place.
 C = Inter-level travel time spent in this place.
 D = Time resting spent in this place.
 E = Time spent auto-exploring this place.
 F = Levels seen in this place.
 G = Mean time per level.
                   A        B        C        D        E       F      G
               +--------+--------+--------+--------+--------+-----+--------+
         Total |   4977 |   4834 |    143 |      0 |   4177 |   4 | 1244.2 |
       Dungeon |   4977 |   4834 |    143 |      0 |   4177 |   4 | 1244.2 |
               +--------+--------+--------+--------+--------+-----+--------+

Top non-repeatable levels by time:
     D:1: 1688 daAuts
     D:3: 1175 daAuts
     D:2: 1158 daAuts
     D:4: 956 daAuts
